Map: Prion Terraces

Players

Frozzen - Winner!

  • Race: Zerg Zerg

A.I. 1 (Medium)

  • Race: Protoss Protoss

VOD

Have the link to the VOD?

Description

Time

  • Played on: Nov. 12, 2015, 7:05 p.m.
  • Length: 10:06
Show
View Real Time Build Order
Export as new Build Order

Frozzen Zerg - Winner!

Build Orders: Hatch First 

Get SALT Encoding   

  12  0:01  Drone  
  13  0:08  Drone  
  14  0:18  Overlord  
  14  0:36  Drone x3  
  17  0:53  Hatchery  
  17  0:55  Drone  
  17  0:58  Drone  
  18  1:12  Spawning Pool  
  18  1:15  Drone  
  18  1:22  Drone  
  18  1:24  Extractor  
  18  1:32  Overlord  
  18  1:58  Queen  
  18  2:00  Zergling x4  
  22  2:04  Zergling x2  
  22  2:05  Queen  
  22  2:06  Zergling x2  
  26  2:14  Drone  
  27  2:18  Drone  
  28  2:26  Drone  
  28  2:27  Metabolic Boost  
  28  2:29  Drone  
  30  2:34  Drone  
  31  2:37  Drone  
  31  2:38  Queen  
  34  2:45  Overlord  
  34  2:48  Drone  
  35  2:56  Drone  
  35  3:01  Drone  
  35  3:08  Drone x3  
  35  3:12  Overlord  
  38  3:17  Lair  
  38  3:20  Drone  
  38  3:24  Zergling x4  
  41  3:27  Zergling x4  
  41  3:32  Drone x2  
  45  3:38  Overlord  
  45  3:40  Zergling x2  
  45  3:41  Zergling x2  
  47  3:45  Drone  
  47  3:46  Drone x2  
  50  3:48  Drone  
  50  3:49  Extractor  
  50  3:50  Spore Crawler  
  50  3:52  Spore Crawler  
  48  3:56  Overlord  
  48  3:58  Drone x2  
  50  4:05  Overlord  
  50  4:07  Drone  
  51  4:11  Drone x3  
  51  4:12  Extractor  
  53  4:18  Drone  
  53  4:22  Drone x2  
  53  4:23  Drone x2  
  54  4:32  Drone  
  53  4:38  Overseer  
  53  4:42  Hydralisk Den  
  53  4:44  Drone x3  
  53  4:45  Drone  
  56  4:46  Evolution Chamber  
  56  4:47  Extractor  
  56  4:48  Evolution Chamber  
  53  4:54  Drone x2  
  53  4:55  Drone  
  56  5:03  Hatchery  
  55  5:10  Zergling x2  
  55  5:11  Zergling x4  
  55  5:12  Muscular Augments  
  55  5:13  Zerg Missile Weapons Level 1  
  58  5:19  Zerg Ground Armor Level 1  
  58  5:26  Hydralisk x3  
  64  5:34  Hydralisk  
  66  5:44  Hydralisk  
  66  5:45  Hydralisk x2  
  70  5:55  Hydralisk x2  
  73  6:00  Hydralisk  
  69  6:12  Hydralisk x3  
  69  6:15  Zergling x4  
  69  6:16  Zergling x14  
  78  6:24  Hatchery  
  73  6:26  Queen  
  75  6:33  Lurker Den  
  74  6:56  Hydralisk x3  
  74  6:59  Overlord x4  
  80  7:04  Pneumatized Carapace  
  80  7:10  Drone  
  80  7:12  Overlord x2  
  80  7:15  Zerg Missile Weapons Level 2  
  81  7:25  Zerg Ground Armor Level 2  
  81  7:27  Drone x2  
  81  7:28  Drone x2  
  85  7:41  Drone  
  85  7:43  Drone  
  85  7:44  Drone x5  
  92  7:47  Extractor x2  
  92  7:50  Drone x3  
  93  7:51  Hydralisk  
  93  7:52  Spine Crawler, Hydralisk  
  93  7:53  Spore Crawler  
  93  7:57  Infestation Pit  
  94  8:03  Lurker x2  
  96  8:13  Drone x2  
  96  8:14  Drone x4  
  96  8:15  Hydralisk x3  
  96  8:18  Zergling x4  
  110  8:26  Overseer  
  110  8:30  Hydralisk x3  
  115  8:58  Hatchery  
  114  9:04  Hydralisk  
  114  9:05  Hydralisk x6  
  114  9:07  Overlord x4  
  121  9:49  Zergling x4  
Show
View Real Time Build Order
Export as new Build Order

A.I. 1 (Medium) Protoss 

Build Orders:  

Get SALT Encoding   

  12  0:01  Probe (Chrono Boost)  
  13  0:11  Probe (Chrono Boost)  
  14  0:21  Pylon  
  14  0:22  Probe (Chrono Boost)  
  15  0:39  Probe (Chrono Boost)  
  16  0:47  Assimilator  
  17  0:50  Gateway, Probe (Chrono Boost)  
  17  0:59  Pylon  
  17  1:00  Probe (Chrono Boost)  
  18  1:27  Gateway  
  18  1:32  Assimilator  
  18  1:37  Cybernetics Core  
  18  1:43  Zealot  
  20  2:02  Pylon  
  20  2:08  Zealot  
  20  2:10  Warp Gate  
  22  2:19  Adept  
  24  2:34  Adept  
  27  2:45  Probe (Chrono Boost), Adept  
  29  2:55  Pylon  
  29  2:57  Probe (Chrono Boost)  
  30  3:00  Adept  
  32  3:09  Probe (Chrono Boost)  
  32  3:10  Stalker  
  35  3:18  Forge  
  35  3:22  Probe (Chrono Boost)  
  35  3:26  Adept  
  36  3:34  Probe (Chrono Boost)  
  39  3:45  Probe (Chrono Boost)  
  39  4:11  Probe (Chrono Boost)  
  39  4:33  Probe (Chrono Boost)  
  40  5:10  Stalker  
  40  5:11  Probe (Chrono Boost)  
  43  5:14  Pylon  
  43  5:15  Photon Cannon  
  43  5:17  Photon Cannon  
  43  5:19  Nexus, Robotics Facility  
  43  5:22  Sentry  
  43  5:24  Stargate  
  45  5:33  Probe (Chrono Boost)  
  45  5:34  Stalker  
  48  5:41  Pylon  
  48  5:46  Stalker  
  50  5:55  Twilight Council  
  50  5:58  Sentry  
  50  6:03  Gateway  
  50  6:05  Observer  
  50  6:11  Sentry  
  43  6:23  Zealot  
  43  6:25  Observer  
  43  6:33  Probe (Chrono Boost)  
  43  6:35  Probe (Chrono Boost), Zealot  
  46  6:45  Probe (Chrono Boost)  
  47  6:47  Probe (Chrono Boost), Adept  
  49  6:57  Probe (Chrono Boost)  
  49  6:59  Probe (Chrono Boost)  
  49  7:00  Adept  
  53  7:04  Pylon  
  53  7:08  Probe (Chrono Boost)  
  54  7:10  Pylon  
  54  7:11  Probe (Chrono Boost)  
  54  7:12  Stalker  
  57  7:19  Probe (Chrono Boost)  
  57  7:22  Probe (Chrono Boost), Forge  
  60  7:30  Probe (Chrono Boost)  
  60  7:32  Photon Cannon  
  60  7:33  Probe (Chrono Boost)  
  61  7:40  Probe (Chrono Boost)  
  61  7:43  Probe (Chrono Boost), Photon Cannon  
  63  7:51  Probe (Chrono Boost)  
  64  7:54  Probe (Chrono Boost)  
  65  8:01  Probe (Chrono Boost)  
  65  8:05  Probe (Chrono Boost)  
  67  8:12  Probe (Chrono Boost)  
  68  8:15  Probe (Chrono Boost)  
  69  8:26  Assimilator  
  69  8:30  Assimilator  
  69  8:53  Probe (Chrono Boost)  
  70  8:58  Probe (Chrono Boost)  
  64  9:04  Probe (Chrono Boost)  
  48  9:10  Stalker, Photon Cannon  
  48  9:13  Photon Cannon  
  48  9:15  Probe (Chrono Boost)  
  48  9:17  Zealot  
  48  9:23  Observer  
  49  9:27  Probe (Chrono Boost)  
  49  9:28  Pylon  
  49  9:32  Stalker  
  30  9:39  Probe (Chrono Boost), Zealot  
  27  9:46  Zealot  
  27  9:51  Probe (Chrono Boost)  
  21  9:58  Pylon  
  19  10:03  Zealot  
Tags
 
Matchup
PvZ
Replay Pack
21-11-15
Add a new tag
Caveats
  • Supply blocks, unpowered buildings, or Contaminate may cause inaccurate times.
  • Supply counts are checked every 10 seconds.